Unix NetHack Version 3.7.0-60 Work-in-progress - last build Jul 6 2022 04:07:24 (06ba40660c9036fc6131322abd8256e9296c6c06,branch:master). Game began 2022-07-06 18:57:28, ended 2022-07-06 19:06:57. seppokalevi7, lawful male human Samurai ... -.. |.. ... ....| .....| ....-- .....| &...- -@.-- --- Seppokalevi7 the Ronin St:18 Dx:18 Co:18 In:10 Wi:8 Ch:10 Lawful S:741 Dlvl:4 $:25 HP:0(40) Pw:17(17) AC:4 Xp:4/129 T:799 Latest messages: What do you want to rub? [r or ?*] In a cloud of smoke, a djinni emerges! The djinni speaks. "You disturbed me, fool!" You hear crashing rock. What do you want to zap? [g or ?*] In what direction? You dig a hole through the floor. You fall through... The djinni hits! You begin bashing monsters with your lamp. You hit the djinni. The djinni hits! What do you want to read? [fjp or ?*] As you read the scroll, it disappears. Who was that Maud person anyway? The djinni hits! You are beginning to feel hungry. What do you want to read? [jp or ?*] As you read the scroll, it disappears. You have a strange feeling for a moment, then it passes. The djinni just misses! What do you want to read? [p or ?*] As you read the scroll, it disappears. You materialize in a different location! What do you want to wield? [- abcdl or ?*] a - a +0 katana (weapon in hand). What do you want to read? [*] That is a silly thing to read. What do you want to eat? [ko or ?*] This lichen corpse tastes okay. You finish eating the lichen corpse. You see here a dwarvish mithril-coat. s - a dwarvish mithril-coat. What do you want to use or apply? [gr or ?*] The lamp flickers for a moment, then dies. You see here a golden potion. t - a golden potion. What do you want to drink? [t or ?*] You feel better. The djinni hits! You miss the djinni. You miss the djinni. The djinni hits! You die... Do you want your possessions identified? [ynq] (y) Do you want to see your attributes? [ynq] (y) Do you want an account of creatures vanquished? [ynaq] (y) Do you want to see your conduct and achievements? [ynq] (y) Do you want to see the dungeon overview? [ynq] (y) Major events: Turn 1: seppokalevi7 the lawful male human Samurai entered the dungeon 354: entered the Gnomish Mines 673: attained the rank of Ronin (level 3) 799: killed by a djinni Inventory: Weapons d - 34 +0 ya (in quiver) c - a +0 yumi (alternate weapon; not wielded) l - a +0 elven dagger a - a +0 katana (weapon in hand) b - a +0 wakizashi Armor s - an uncursed +0 dwarvish mithril-coat e - an uncursed rustproof +0 splint mail (being worn) Comestibles o - an uncursed pear Wands g - a wand of digging (0:2) Tools r - a cursed oil lamp Gems/Stones i - an uncursed agate stone n - an uncursed worthless piece of black glass q - an uncursed worthless piece of orange glass h - a cursed worthless piece of yellowish brown glass Seppokalevi7 the Samurai's attributes: Background: You were a Ronin, a level 4 male human Samurai. You were lawful, on a mission for Amaterasu Omikami who was opposed by Raijin (neutral) and Susanowo (chaotic). You were in the Gnomish Mines, on level 4. You entered the dungeon 799 turns ago. You had 129 experience points, 31 more were needed to attain level 5. Your score was 741 before end-of-game adjustments. Basics: You had 0 out of 40 hit points. You had all 17 energy points (spell power). Your armor class was 4. Your wallet contained 25 zorkmids. Autopickup was off. Final Characteristics: Your strength was 18 (limit:18/100). Your dexterity was 18 (limit:18). Your constitution was 18 (limit:18). Your intelligence was 10 (limit:18). Your wisdom was 8 (limit:18). Your charisma was 10 (limit:18). Final Status: You were not hungry. You were unencumbered. You were wielding a long sword. You had basic skill with long sword. Final Attributes: You were fervently aligned. You were warded. You were fast. You are dead. Miscellaneous: You never encountered a bones level. Total elapsed playing time was 9 minutes and 28 seconds. Vanquished creatures: a shrieker 2 gnome leaders a gnomish wizard a hobbit a red mold 5 gnomes 6 jackals 3 foxes a grid bug 2 lichens 2 newts 25 creatures vanquished. No species were genocided or became extinct. Voluntary challenges: You were an atheist. You read items or engraved 3 times. You never engraved Elbereth. You never genocided any monsters. You never polymorphed an object. You never changed form. You used no wishes. Achievements: You entered the Gnomish Mines. You attained the rank of Ronin. The Dungeons of Doom: levels 1 to 2 Level 1: "vault" A fountain. Level 2: "vault" Stairs down to The Gnomish Mines. The Gnomish Mines: levels 3 to 4 Level 3: Level 4: <- You were here. Final resting place for you, killed by a djinni. Game over: ---------- / \ / REST \ / IN \ / PEACE \ / \ | seppokalevi7 | | 25 Au | | killed by a | | djinni | | | | | | 2022 | *| * * * | * _________)/\\_//(\/(/\)/\//\/|_)_______ Sayonara seppokalevi7 the Samurai... You died in The Gnomish Mines on dungeon level 4 with 739 points, and 25 pieces of gold, after 799 moves. You were level 4 with a maximum of 40 hit points when you died.